 Dungeon Crawl Stone Soup version 0.28-a0-1435-g82390b3a13 (webtiles) character file.

Game seed: 12907457214795393810

1256 knot the Chopper (level 8, -2/58 HPs)
             Began as a Demonspawn Berserker on Jan 10, 2022.
             Was a Believer of Trog.
             Slain by a wraith (9 damage)
             ... on level 5 of the Dungeon.
             The game lasted 00:12:35 (5841 turns).

knot the Chopper (Demonspawn Berserker)             Turns: 5841, Time: 00:12:35

Health: -2/58      AC:  8    Str: 18    XL:     8   Next: 26%
Magic:  8/8        EV: 12    Int: 11    God:    Trog [**....]
Gold:   290        SH:  0    Dex: 12    Spells: 7/7 levels left

rFire   . . .      SeeInvis .   a - +0 hand axe (flame)
rCold   . . .      Faith    .   (no shield)
rNeg    + . .      Spirit   .   o - +1 leather armour "Etwif" {rN+}
rPois   .          Reflect  .   (no helmet)
rElec   .          Harm     .   (no cloak)
rCorr   .          Rampage  .   (no gloves)
Will    .....                   (no boots)
Stlth   +.........              (no amulet)
HPRegen 0.19/turn               p - +4 ring of protection
MPRegen 0.11/turn               (no ring)

@: on berserk cooldown, slowed, very slow
A: sturdy frame 1, demonic touch 2
a: Renounce Religion, Berserk, Trog's Hand


You were on level 5 of the Dungeon.
You worshipped Trog.
Trog was pleased with you.
You visited 1 branch of the dungeon, and saw 5 of its levels.
You also visited: Ossuary.

You collected 290 gold pieces.

Inventory:

Hand Weapons
 a - a +0 hand axe of flaming (weapon)
Missiles
 f - 83 stones
 i - 16 sling bullets
 j - 12 poisoned darts (quivered)
 l - a boomerang
 m - 6 javelins
 r - 3 curare-tipped darts
Armour
 o - the +1 leather armour "Etwif" (worn) {rN+}
   (You found it on level 2 of the Dungeon)

   rN:        It protects you from negative energy.
Jewellery
 p - a +4 ring of protection (left hand)
Wands
 c - a wand of polymorph (10)
 q - a wand of iceblast (3)
Scrolls
 d - 4 scrolls of identify {unknown}
 g - a scroll of vulnerability {unknown}
 h - 2 scrolls of summoning {unknown}
 t - 2 scrolls of teleportation
 u - a scroll of enchant weapon {unknown}
Potions
 b - 2 potions of mutation
 e - a potion of berserk rage
 n - 8 potions of degeneration
 s - a potion of magic


   Skills:
 - Level 3.0 Fighting
 * Level 7.3 Axes
 * Level 6.0 Throwing
 - Level 1.7 Armour
 - Level 1.7 Dodging


You had 7 spell levels left.
You didn't know any spells.
Your spell library contained the following spells:

 Spells                   Type           Power      Damage    Failure   Level
 Blink                    Tloc           0%         N/A       50%         2
 Teleport Other           Tloc           0%         N/A       73%         3
 Leda's Liquefaction      Hex/Erth       0%         N/A       98%         4
 Agony                    Necr           0%         N/A       100%        5
 Lee's Rapid Deconstruct  Erth           0%         3d5*      100%        5
 Statue Form              Tmut/Erth      0%         N/A       100%        6


Dungeon Overview and Level Annotations

Branches:
Dungeon (5/15)             Temple (0/1) D:4         Ossuary (visited)

Altars:
Qazlal
Yredelemnul
Beogh

Annotations:
D:4 3 runed translucent doors, Clumpoid's ghost, amateur GnFi


Innate Abilities, Weirdness & Mutations

Your movements are slightly less encumbered by armour. (ER -2)
Your touch may inflict irresistible damage on your foes.


Message History

The centaur kicks you but does no damage.
You hit the centaur. You burn the centaur.
You touch the centaur.
You kill the centaur!
Trog accepts your kill. The wyvern skeleton barely misses you.
Things that are here:
a +0 shortbow; 13 arrows You hit the wyvern skeleton.
You burn the wyvern skeleton.
The wyvern skeleton is heavily damaged.
You slash the wyvern skeleton! You burn the wyvern skeleton.
The wyvern skeleton is almost destroyed.
The wyvern skeleton bites you!
* * * LOW HITPOINT WARNING * * *
You slash the wyvern skeleton! You burn the wyvern skeleton.
You destroy the wyvern skeleton!
Trog accepts your kill.
Your Throwing skill increases to level 6!
You feel a strong urge to attack something.
You are no longer berserk.
You are exhausted.
You feel yourself slow down.
You feel the effects of Trog's Hand fading.
Your skin stops crawling.
You feel less strong-willed. The centaur zombie hits you.
The centaur zombie kicks you but does no damage.
The centaur zombie hits you but does no damage.
The centaur zombie kicks you but does no damage.
The wraith hits you!
* * * LOW HITPOINT WARNING * * *
The wraith drains your vigour!
You feel as though you will be slow longer.
Found a stone staircase leading down.
The wraith misses you.
Okay, then.
The wraith closely misses you. The wraith barely misses you.
The wraith hits you!
* * * LOW HITPOINT WARNING * * *
The wraith hits you!
You die...

... .... #.##..........#
....# #.............#
..... ..............
...!.. #...........
......####..........
.......)##.........#
##..###..)#.##.###.#####
.####....@WZ........#
...........##.###.....#
...........##.###.#...#
........!..##.##..#.#.#
...........##.......#.#
.....####..####..##...#
..... .... .........#
..... #####..#...##..#
#....### .##


You could see a wraith and a centaur zombie.

Vanquished Creatures
  Sigmund (D:4)
  2 centaurs (D:5)
  2 ogres (D:4)
  A phantom (D:5)
  A lemure (D:5)
  A scorpion (D:4)
  A wyvern skeleton (D:5)
  3 centaur zombies
  A bullfrog skeleton (D:4)
  2 orc priests (D:3)
  An orc wizard (D:3)
  Natasha (thrice) (D:3)
  Terence (D:3)
  A hound zombie (D:5)
  3 mummies (Ossuary)
  6 adders
  An ufetubus (D:4)
  8 dart slugs
  6 orcs
  6 ball pythons
  A bat (D:2)
  8 endoplasms
  2 gnoll zombies (Ossuary)
  7 goblins
  9 hobgoblins
  2 jackals (D:3)
  5 kobolds
  5 quokkas
  A frilled lizard (D:2)
  2 goblin zombies (Ossuary)
  A hobgoblin zombie (Ossuary)
  An orc zombie (Ossuary)
  A quokka skeleton (D:4)
  5 rats
101 creatures vanquished.

Vanquished Creatures (others)
  An orc (D:5)
  9 plants
10 creatures vanquished.

Grand Total: 111 creatures vanquished

Notes
Turn   | Place    | Note
-------+----------+-------------------------------------------
     0 | D:1      | knot the Demonspawn Berserker began the quest for the Orb.
     0 | D:1      | Reached XP level 1. HP: 18/18 MP: 1/1
   127 | D:1      | Reached skill level 3 in Axes
   283 | D:1      | Gained mutation: Your touch may inflict minor irresistible
                  | damage on your foes. [demonic ancestry]
   283 | D:1      | Reached XP level 2. HP: 24/24 MP: 2/2
   820 | D:1      | Gained mutation: Your touch may inflict irresistible damage
                  | on your foes. [demonic ancestry]
   820 | D:1      | Reached XP level 3. HP: 28/29 MP: 3/3
   912 | D:1      | Found a faded altar of an unknown god.
  1129 | D:2      | Reached skill level 4 in Axes
  1306 | D:2      | Reached ** piety under Trog
  1539 | D:2      | Identified the +1 leather armour "Etwif" {rN+}
  1967 | D:3      | Reached skill level 1 in Throwing
  2096 | D:3      | Noticed Natasha
  2109 | D:3      | Killed Natasha
  2110 | D:3      | Reached XP level 4. HP: 29/35 MP: 4/4
  2201 | D:3      | Noticed Natasha
  2214 | D:3      | Killed Natasha
  2476 | D:3      | Reached XP level 5. HP: 41/41 MP: 5/5
  2679 | D:3      | Noticed Natasha
  2694 | D:3      | Killed Natasha
  2695 | D:3      | Reached skill level 5 in Axes
  3149 | D:3      | Noticed Terence
  3159 | D:3      | Killed Terence
  3160 | D:3      | Reached XP level 6. HP: 47/47 MP: 6/6
  3330 | D:3      | Found a stormy altar of Qazlal.
  3611 | D:3      | Found a basalt altar of Yredelemnul.
  3789 | D:4      | Found a sand-covered staircase.
  3795 | Ossuary  | Entered an ossuary
  4222 | D:4      | Noticed Sigmund
  4231 | D:4      | Killed Sigmund
  4232 | D:4      | Reached skill level 6 in Axes
  4232 | D:4      | Gained mutation: Your movements are slightly less
                  | encumbered by armour. (ER -2) [demonic ancestry]
  4232 | D:4      | Reached XP level 7. HP: 46/52 MP: 7/7
  4359 | D:4      | Got the Grimoire of the Battered Continents
  4571 | D:4      | Found a runed translucent gate.
  4571 | D:4      | Found a runed translucent gate.
  4571 | D:4      | Noticed Clumpoid's ghost (amateur GnFi)
  4705 | D:4      | Reached *** piety under Trog
  4735 | D:4      | Found a runed translucent gate.
  4788 | D:4      | Reached skill level 5 in Throwing
  5024 | D:4      | Found a staircase to the Ecumenical Temple.
  5476 | D:5      | Entered Level 5 of the Dungeon
  5593 | D:5      | Noticed Grinder
  5593 | D:5      | Noticed a wraith
  5800 | D:5      | Noticed Grinder
  5800 | D:5      | Grinder changed into Grinder the lemure
  5807 | D:5      | Reached skill level 7 in Axes
  5807 | D:5      | Reached XP level 8. HP: 28/58 MP: 8/8
  5809 | D:5      | Killed Grinder the lemure
  5841 | D:5      | Slain by a wraith

Illustrated notes

Levels and vault maps discovered:
D:1:      scummos_arrival_simple_crosswalls, layout_loops_ring,
          hellmonk_ecumenical_altar_inner_sanctum
D:2:      layout_loops_ring, minivault_4
D:3:      wad_woods_pond, layout_basic, mainiacjoe_overflow_alcove_1,
          mainiacjoe_overflow_six_doors_small, kennysheep_orc_chapel,
          uniq_terence, uniq_natasha
D:4:      layout_basic, minmay_temple_entry_nine_rooms, gammafunk_ghost_split,
          lightli_ossuary_entry_decrepit_ruins, uniq_sigmund
D:5:      layout_rooms, led_sif_book, nicolae_specific_store,
          saegor_snake_ambush, uniq_grinder

Skill      XL: |  1  2  3  4  5  6  7  8 |
---------------+-------------------------+-----
Axes           | 3 4 5 6 7 |  7.3
Throwing       | 1 2 3 4 5 6 |  6.0
Fighting       | |  3.0
Armour         | |  1.7
Dodging        | |  1.7

Action                   |  1- 3 |  4- 6 |  7- 9 || total
-------------------------+-------+-------+-------++-------
Melee: Hand axe          |    84 |    99 |    76 ||   259
       Punch             |     1 |     2 |     2 ||     5
       Touch             |    10 |    24 |    12 ||    46
Throw: Dart              |    34 |    26 |     9 ||    69
Invok: Berserk           |       |     5 |     3 ||     8
       Trog's Hand       |       |       |     3 ||     3
Evoke: Wand              |       |       |     1 ||     1
  Use: Potion            |       |     8 |     2 ||    10
       Scroll            |       |     5 |     1 ||     6
Armor: Animal skin       |     8 |       |       ||     8
       Leather armour    |     6 |    48 |    58 ||   112
Dodge: Dodged            |    39 |    75 |    94 ||   208

Table legend: (Time is in decaauts)
 A = Elapsed time spent in this place.
 B = Non-inter-level travel time spent in this place.
 C = Inter-level travel time spent in this place.
 D = Time resting spent in this place.
 E = Time spent auto-exploring this place.
 F = Levels seen in this place.
 G = Mean time per level.
                   A        B        C        D        E       F      G
               +--------+--------+--------+--------+--------+-----+--------+
         Total |   5937 |   5851 |     86 |   1009 |   3834 |   6 |  989.5 |
       Dungeon |   5515 |   5429 |     86 |    868 |   3740 |   5 | 1103.0 |
       Ossuary |    421 |    421 |      0 |    141 |     94 |   1 |  421.0 |
               +--------+--------+--------+--------+--------+-----+--------+

Top non-repeatable levels by time:
     D:3: 1720 daAuts
     D:4: 1470 daAuts
     D:2: 1055 daAuts
     D:1: 998 daAuts
 Ossuary: 421 daAuts
     D:5: 270 daAuts
